 Dungeon Crawl Stone Soup version 0.30-a0-964-gd452b5e7fa (webtiles) character file.

Game seed: 5771815872911119663

65263 kae the Fighter (level 14, -1/116 HPs)
             Began as a Demonspawn Transmuter on Mar 30, 2023.
             Was a High Priest of Ru.
             Slain by a two-headed ogre
             ... wielding a +0 giant club
              (4 damage)
             ... on level 1 of the Orcish Mines.
             The game lasted 00:23:11 (23241 turns).

kae the Fighter (Demonspawn Transmuter)            Turns: 23241, Time: 00:23:12

Health: -1/116     AC: 15    Str: 11    XL:     14   Next: 74%
Magic:  16/21      EV: 20    Int: 20    God:    Ru [*****.]
Gold:   1808       SH:  5    Dex: 13    Spells: 1/23 levels left

rFire   x . .      SeeInvis .    h - melded +1 whip (spect)
rCold   . . .      Faith    .    (shield currently unavailable)
rNeg    + + +      Spirit   .    N - +1 acid dragon scales
rPois   .          Reflect  +    W - +2 hat
rElec   +          Rampage  .    S - +2 cloak
rCorr   +                        I - melded +2 pair of gloves {hurl}
Will    ++...                    (boots unavailable)
Stlth   +                        s - amulet "Goatitu" {Reflect rElec rF- rN+++ Will+ SH+5}
HPRegen 0.39/turn                E - +5 ring of evasion
MPRegen 0.17/turn                Z - ring of wizardry

@: blade hands, wereblooded, studying Ice Magic
A: hooves 3, (demonic guardian 1), ignite blood 2, inability to use devices,
hated by all, inability to train armour, sharp scales 3
a: End Transformation, Renounce Religion, Draw Out Power, Power Leap, Apocalypse


You were on level 1 of the Orcish Mines.
You worshipped Ru.
Ru was extremely pleased with you.
You had blades for hands.
You visited 4 branches of the dungeon, and saw 21 of its levels.
You also visited: Bailey and Ice Cave.

You collected 1936 gold pieces.
You spent 128 gold pieces at shops.


Innate Abilities, Weirdness & Mutations

You have blades for hands.
Your spellcasting is less reliable in this form.
You are incapable of wielding weapons or throwing items.
You have hooves in place of feet.
((A weak demonic guardian rushes to your aid.))
Your demonic aura often causes spilled blood to erupt in flames.
You cannot study or use magical devices.
You are hated by all.
You cannot train Armour skill.
You are completely covered in razor-sharp scales. (AC +3, Slay +3)


   Skills:
 - Level 12.6 Fighting
 - Level 10.0 Dodging
 - Level 12.0 Unarmed Combat
 - Level 5.0 Spellcasting
 + Level 9.6 Transmutations
 - Level 6.0 Ice Magic
 - Level 10.0 Air Magic
 - Level 2.0 Poison Magic


You had one spell level left.
You knew the following spells:

 Your Spells              Type           Power      Damage    Failure   Level
a - Blade Hands           Tmut           21%        N/A       21%         5
b - Wereblood             Tmut           43%        N/A       4%          2
c - Spider Form           Tmut/Pois      28%        N/A       13%         3
d - Ice Form              Ice/Tmut       36%        N/A       17%         4
e - Storm Form            Tmut/Air       22%        N/A       91%         7
z - Beastly Appendage     Tmut           86%        N/A       4%          1

Your spell library contained the following spells:

 Spells                   Type           Power      Damage    Failure   Level
 Shock                    Conj/Air       100%       1d9       9%          1
 Kiss of Death            Conj/Necr      20%        2d7       30%         1
 Magic Dart               Conj           20%        1d4       30%         1
 Sandblast                Erth           10%        2d5       30%         1
 Swiftness                Air            45%        N/A       6%          3
 Poisonous Vapours        Pois/Air       58%        N/A       9%          2
 Airstrike                Air            22%        2d(4-20)  11%         4
 Passwall                 Tmut/Erth      20%        N/A       12%         2
 Cigotuvi's Dreadful Rot  Necr/Pois/Air  42%        N/A       14%         2
 Ensorcelled Hibernation  Hex/Ice        34%        N/A       17%         2
 Mephitic Cloud           Conj/Pois/Air  21%        N/A       21%         3
 Confusing Touch          Hex            5%         N/A       52%         3
 Stone Arrow              Conj/Erth      10%        3d7       52%         3
 Yara's Violent Unravell  Hex/Tmut       12%        3d7       58%         5
 Anguish                  Hex/Necr       2%         N/A       83%         4
 Dispel Undead            Necr           5%         3d7       83%         4
 Eringya's Noxious Bog    Tmut/Pois      14%        N/A       90%         6
 Borgnjor's Vile Clutch   Necr/Erth      2%         N/A       98%         5
 Chain Lightning          Conj/Air       12%        3d16      100%        9
 Fire Storm               Conj/Fire      2%         8d1       100%        9
 Shatter                  Erth           2%         3d6*      100%        9
 Call Imp                 Summ           Unusable   N/A       N/A         2
 Animate Dead             Necr           Unusable   N/A       N/A         4
 Death Channel            Necr           Unusable   N/A       N/A         6

Inventory:

Hand Weapons
 h - a +1 spectral whip (melded)
   (You found it on level 2 of the Dungeon)
 j - the +11 rapier of Zaics {flame, +Blink Dex+4 Stlth-}
   (You found it in an ice cave)

   Dex:       It affects your dexterity (+4).
   +Blink:    It lets you blink.
   Stlth:     It makes you less stealthy.
Missiles
 d - 3 throwing nets {=f!f}
 g - 182 stones
 n - 35 poisoned darts
 o - 4 datura-tipped darts
 t - 3 javelins
 v - 39 boomerangs
 B - 2 curare-tipped darts {=f}
Armour
 I - a +2 pair of gloves of hurling (melded)
   (You found it in a bailey)
 N - +1 acid dragon scales (worn)
   (You found it on level 10 of the Dungeon)
 S - a +2 cloak (worn)
   (You found it on level 2 of the Lair of Beasts)
 W - a +2 hat (worn)
   (You took it off Gastronok on level 2 of the Lair of Beasts)
Magical Staves
 i - a staff of conjuration {!a}
   (You found it on level 2 of the Dungeon)
 Q - a staff of poison {!a}
   (You found it on level 2 of the Lair of Beasts)
Jewellery
 f - a ring of protection from fire
   (You found it on level 10 of the Dungeon)
 s - the amulet "Goatitu" (around neck) {Reflect rElec rF- rN+++ Will+ SH+5}
   (You found it on level 5 of the Dungeon)

   [amulet of reflection]

   It reflects blocked missile attacks.
   rF:        It makes you vulnerable to fire.
   rElec:     It insulates you from electricity.
   rN:        It renders you almost immune to negative energy.
   SH:        It affects your SH (+5).
   Will:      It increases your willpower.
 D - a +6 ring of dexterity
   (You found it on level 5 of the Dungeon)
 E - a +5 ring of evasion (left blade hand)
   (You found it on level 10 of the Dungeon)
 L - a ring of flight
   (You took it off an orc warrior in a bailey)
 T - an amulet of faith {!P}
   (You found it on level 10 of the Dungeon)
 Z - a ring of wizardry (right blade hand)
   (You found it on level 5 of the Dungeon)
Scrolls
 m - 6 scrolls of teleportation {@r4}
 q - 5 scrolls of poison {!r}
 K - 9 scrolls of identify {@r1}
 U - 2 scrolls of blinking {!r}
 V - a scroll of fear
 Y - a scroll of silence {!r}
Potions
 b - 7 potions of lignification {!q}
 c - 3 potions of haste {@q3}
 e - 12 potions of curing {@q1}
 k - 2 potions of attraction {!q}
 l - 4 potions of heal wounds {@q2}
 r - a potion of might
 w - 3 potions of resistance
 z - 2 potions of ambrosia
 A - 8 potions of flight
 F - 2 potions of brilliance
 G - 6 potions of mutation {!q}
 H - 3 potions of magic
 O - a potion of cancellation
 X - 3 potions of invisibility
Miscellaneous
 a - a lightning rod (4/4)
   (You found it on level 12 of the Dungeon)

Dungeon Overview and Level Annotations

Branches:
Dungeon (13/15) Zot: 26297  Temple (1/1) D:6 Zot: 5833    Lair (5/5) D:11 Zot: 22485
 Shoals (0/4) Lair:3        Snake (0/4) Lair:3        Slime (0/5) Lair:4
    Orc (2/2) D:12 Zot: 11210  Bailey (visited)           IceCv (visited)
    Elf: Orc:2       Vaults: D:13-14

Altars:
Ashenzari
Cheibriados
Dithmenos
Gozag
Kikubaaqudgha
Makhleb
Nemelex Xobeh
Okawaru
Qazlal
Ru
Sif Muna
Trog
Uskayaw
Vehumet
Wu Jian
Xom

Shops:
D:3 *(   D:6 *   D:10 :*   D:12 *   D:13 (   Orc:1 (   Orc:2 *

Annotations:
D:5 Grinder

### ##.# ##### #..#
##.#.#
###..#####...####
#.#.....#.......#
###............○☼#
....#........#.O@###
....###....###.TOT.#
....####..#####.O..#
#...##......###...##
##............#...#
###..............##
.#.......#.......#
......).##......####
....###..#....#..#.#


You could see 2 two-headed ogres, 2 trolls and an ogre.


Message History

Done exploring.
Unknown command.
Done exploring.
You start resting. 😎 HP[+18]
Your hp is fully restored (116).
There is a stone staircase leading down, spattered with blood here.
Casting: Wereblood (safe; 1% risk of failure)
Confirm with . or Enter, or press ? or * to list all spells.
Your hands turn into razor-sharp scythe blades.
Your +1 spectral whip melds into your body.
Your +2 pair of gloves of hurling melds into your body.
Your aim is not that steady anymore. 😎 MP[-5]
You lost 5 mp, and now have 16/21 mp.
Casting: Blade Hands (dangerous; 21% risk of failure)
Confirm with . or Enter, or press ? or * to list all spells.
Your blood is infused with primal strength. 😎 MP[-2]
You lost 2 mp, and now have 14/21 mp.
You climb downwards.
The two-headed ogre shouts in stereo!
You hear a shout!
The two-headed ogre hits you with a +0 giant spiked club.
The two-headed ogre completely misses you.
The two-headed ogre barely misses you. The two-headed ogre misses you.
The troll is stunned by your conviction and fails to attack.
The ogre closely misses you. The troll barely misses you. The troll misses you.
The troll barely misses you.
A deep troll comes into view.
The two-headed ogre hits you with a +0 giant club!
The two-headed ogre closely misses you. The troll barely misses you.
The troll claws you. You block the troll's attack.
There is a stone staircase leading up, spattered with blood here. 😕 HP[-20] MP[+1]
You take 20 damage, and now have 96/116 hp.
The deep troll shouts!
You hear a shout! x3
You block the troll's attack. The troll closely misses you.
The troll claws you! You block the troll's attack. The troll claws you. x2
The troll completely misses you. The troll claws you.
The troll claws you but does no damage. The two-headed ogre closely misses you.
The two-headed ogre misses you. The two-headed ogre barely misses you.
The two-headed ogre hits you but does no damage.
The two-headed ogre completely misses you.
You block the two-headed ogre's attack.
You climb upwards.
There is a stone staircase leading down, spattered with blood here. 😮 HP[-13]
You take 13 damage, and now have 83/116 hp.
You hit the troll. You kick the troll! You slash the troll.
The troll is engulfed in blazing flames.
The troll misses you. The troll closely misses you. x3
The troll completely misses you. The troll claws you but does no damage.
You block the troll's attack. The troll completely misses you.
The troll claws you!
You are too injured to fight recklessly! 😮 HP[-10]
You take 10 damage, and now have 73/116 hp.
You are too injured to fight recklessly!
You are too injured to fight recklessly!
You are too injured to fight recklessly!
You are too injured to fight recklessly!
You slice the two-headed ogre!! You kick the two-headed ogre!
The two-headed ogre is engulfed in blazing flames.
The two-headed ogre hits you with a +0 giant spiked club!
The two-headed ogre barely misses you.
The troll is stunned by your conviction and fails to attack.
The troll is engulfed in blazing flames.
You feel a bit better.
You kill the troll!
The troll leather armour is intact enough to wear.
The troll bites you but does no damage. The troll claws you.
The troll claws you but does no damage. The two-headed ogre closely misses you.
The two-headed ogre hits you with a +0 giant spiked club!
* * * LOW HITPOINT WARNING * * *
The two-headed ogre is engulfed in blazing flames.
The two-headed ogre hits you but does no damage.
The two-headed ogre completely misses you.
Unknown command. 😨 HP[-26]
You take 26 damage, and now have 47/116 hp.
MASSIVE DAMAGE!! (PAUSE)
You slash the two-headed ogre! The troll closely misses you.
The troll completely misses you. The troll barely misses you. x2
The troll claws you!
* * * LOW HITPOINT WARNING * * *
The troll claws you!
* * * LOW HITPOINT WARNING * * *
😨 HP[-17]
You take 17 damage, and now have 30/116 hp.
Unknown command.
You slice the two-headed ogre!!
You feel a bit better.
You kill the two-headed ogre!
You howl as the wereblood boils in your veins!
The two-headed ogre is engulfed in blazing flames.
The two-headed ogre hits you with a +0 giant spiked club!!
* * * LOW HITPOINT WARNING * * *
The two-headed ogre misses you.
The two-headed ogre is engulfed in blazing flames.
The two-headed ogre hits you with a +0 giant club.
You die...

Skill      XL: |  1  2  3  4  5  6  7  8  9 10 11 12 13 14 |
---------------+-------------------------------------------+-----
Transmutations | 2 3 4 5 6 9 |  9.6
Unarmed Combat | 3 4 5 7 10 11 12 | 12.0
Poison Magic   | 2 |  2.0
Spellcasting   | 3 4 5 |  5.0
Ice Magic      | 1 3 5 6 |  6.0
Fighting       | 5 11 12 | 12.6
Dodging        | 7 10 | 10.0
Air Magic      | 4 10 | 10.0

Action                     |  1- 3 |  4- 6 |  7- 9 | 10-12 | 13-15 || total
---------------------------+-------+-------+-------+-------+-------++-------
  Melee: Unarmed           |    44 |    56 |   315 |   458 |   432 ||  1305
         Kick              |    15 |     4 |     2 |       |   135 ||   156
         Headbutt          |     9 |     1 |       |       |       ||    10
         Whip              |    49 |    32 |     9 |       |    12 ||   102
         Punch             |     1 |       |       |       |    28 ||    29
   Cast: Beastly Appendage |    22 |     5 |       |       |       ||    27
         Spider Form       |     1 |     9 |    16 |       |       ||    26
         Wereblood         |       |     3 |    15 |    22 |    45 ||    85
         Ice Form          |       |       |    22 |    58 |     9 ||    89
         Blade Hands       |       |       |       |       |    49 ||    49
 Invoke: Sacrifice Love    |       |       |     1 |       |       ||     1
         Sacrifice Durabil |       |       |       |     1 |       ||     1
         Power Leap        |       |       |       |       |     1 ||     1
         Sacrifice Artific |       |       |       |       |     1 ||     1
         Reject Sacrifices |       |       |       |       |     1 ||     1
Ability: End Transformatio |       |       |       |       |     1 ||     1
  Evoke: Wand              |       |       |       |     4 |     3 ||     7
    Use: Scroll            |     4 |     5 |     5 |    14 |     5 ||    33
         Potion            |       |       |       |     1 |       ||     1
   Stab: Sleeping          |     1 |       |     1 |       |       ||     2
         Invisible         |       |       |       |     2 |     1 ||     3
 Armour: Robe              |    22 |     9 |       |       |    14 ||    45
         Skin              |       |     4 |    77 |   103 |    40 ||   224
         Acid dragon scale |       |       |       |       |    68 ||    68
  Dodge: Dodged            |    76 |    75 |   172 |   183 |   383 ||   889
  Block: Other             |       |       |    40 |    83 |   107 ||   230
         Reflection        |       |       |     7 |     5 |     3 ||    15

Levels and vault maps discovered:
D:1:      onia_arrival_mini_spirals, layout_rooms
D:2:      layout_basic, serial_forest, infiniplex_forest_clump_diagonal,
          infiniplex_forest_clump_diagonal, infiniplex_forest_clump_long,
          infiniplex_forest_clump_medium, infiniplex_forest_straight_1,
          infiniplex_forest_lined_ring, infiniplex_forest_lined_3,
          infiniplex_forest_clump_small, infiniplex_forest_lined_corner
D:3:      layout_basic, serial_shops, nicolae_shop_statue_plus, shop_coins,
          serial_rivers, chequers_serial_rivers_micro_b,
          chequers_serial_rivers_room_a, chequers_serial_rivers_micro_e,
          chequers_serial_rivers_small_a, uniq_sigmund, uniq_terence
D:4:      minmay_wonky_spiral, layout_cave_pools, lemuel_crystal_altar,
          minmay_misc_feat_five
D:5:      layout_rooms, zin_scriptorium, hangedman_abyss_or_decor_stagger,
          minmay_misc_feat_plants, nrook_campfire, minivault_5,
          grunt_decor_junction, uniq_grinder, uniq_crazy_yiuf_cottage
D:6:      layout_basic, minmay_temple_entry_offerings, minmay_misc_feat_hallway,
          nicolae_elemental_shop
D:7:      layout_rooms, mainiacjoe_overflow_chevrons, kiku_gazebo_pond_becter,
          enter_bailey_5, minmay_misc_feat_rugged, uniq_maggie, uniq_duvessa,
          uniq_joseph
D:8:      old_forge, layout_basic, nemelex_xobeh_ov_fountains_minmay,
          minmay_puff, uniq_pikel
D:9:      layout_basic, fedhas_altar_3, uniq_maurice
D:10:     layout_grid_maze, serial_shops, nicolae_shop_hallway_plus, shop,
          grunt_tough_drop
D:11:     layout_roguey, lair_entry_dummy, hangedman_decor_lopped,
          elyvilon_altar_5
D:12:     layout_loops_ring, orc_0_dummy, dreamdust_wishing_well,
          nicolae_shop_sticking_my_neck_out
D:13:     kennysheep_windowed_halls, layout_loops_corners,
          nicolae_stop_n_shop_1, eino_tiny_chamber, minmay_statues_item
Temple:   compressed_dpeg_triangle_lava_temple
Lair:1:   layout_regular_city, minivault_27, serial_bayou_shore_a, uniq_erica
Lair:2:   layout_small_grid, uniq_gastronok
Lair:3:   layout_cave_pods, elwin_shoals_entry_rocks,
          nicolae_snake_entry_warm_welcome, grunt_forest_large_clearing_hut
Lair:4:   layout_cave_pods, slime_entry_1, guppyfry_lair_drakes
Lair:5:   minmay_lair_end_enchanted_forest, layout_regular_city,
          portal_ice_cave_demonic_guard, lemuel_fruit_fields, grunt_megastairs_3
Orc:1:    layout_diamond_mine, basic_altar, serial_shops, nicolae_lakefront_shop
Orc:2:    st_orc_open, layout_caves, basic_altar

Notes
Turn   | Place    | Note
-------+----------+-------------------------------------------
     0 | D:1      | kae the Demonspawn Transmuter began the quest for the Orb.
     0 | D:1      | Reached XP level 1. HP: 15/15 MP: 3/3
     0 | D:1      | magus.rc [v1.11.3]
    79 | D:1      | Reached skill level 2 in Transmutations
   183 | D:1      | Gained mutation: You are partially covered in razor-sharp
                  | scales. (AC +1, Slay +1) [demonic ancestry]
   183 | D:1      | Reached XP level 2. HP: 19/21 MP: 3/5
   684 | D:2      | Reached skill level 3 in Unarmed Combat
   850 | D:2      | Reached XP level 3. HP: 7/26 MP: 6/6
   853 | D:2      | Learned a level 2 spell: Wereblood
   857 | D:2      | Learned a level 3 spell: Spider Form
  1294 | D:2      | You pick up a book of Touch and begin reading...
  1294 | D:2      | You add the spells Kiss of Death, Confusing Touch and
                  | Dispel Undead to your library.
  1478 | D:3      | Reached skill level 3 in Transmutations
  1478 | D:3      | Gained mutation: You are mostly covered in razor-sharp
                  | scales. (AC +2, Slay +2) [demonic ancestry]
  1478 | D:3      | Reached XP level 4. HP: 21/32 MP: 3/7
  1541 | D:3      | Found Doavihah's Assorted Antiques.
  1558 | D:3      | Bought a bubbling grey potion for 16 gold pieces
  1558 | D:3      | Bought a pink potion for 16 gold pieces
  1558 | D:3      | Bought a scroll labelled SUXOENL GURI for 18 gold pieces
  1558 | D:3      | Bought a scroll of identify for 36 gold pieces
  1850 | D:3      | Reached skill level 1 in Poison Magic
  1866 | D:3      | Noticed Terence
  1881 | D:3      | Killed Terence
  1975 | D:3      | Found Fiot Efu's Antique Weapon Shop.
  2381 | D:3      | Noticed Sigmund
  2388 | D:3      | Killed Sigmund
  2389 | D:3      | Reached skill level 3 in Spellcasting
  2389 | D:3      | Reached skill level 2 in Poison Magic
  2389 | D:3      | Gained mutation: You have large cloven feet. [demonic
                  | ancestry]
  2389 | D:3      | Reached XP level 5. HP: 32/37 MP: 5/10
  2389 | D:3      | Gained mutation: Your demonic aura sometimes causes spilled
                  | blood to erupt in flames. [demonic ancestry]
  2389 | D:3      | Reached XP level 6. HP: 38/43 MP: 5/11
  2491 | D:3      | Learned a level 4 spell: Ice Form
  2576 | D:4      | Reached skill level 4 in Transmutations
  2594 | D:4      | Reached skill level 1 in Ice Magic
  2836 | D:4      | Gained mutation: You have hoof-like feet. [demonic
                  | ancestry]
  2836 | D:4      | Reached XP level 7. HP: 34/48 MP: 9/12
  2838 | D:4      | Reached skill level 2 in Ice Magic
  2894 | D:4      | Found a snail-covered altar of Cheibriados.
  2906 | D:4      | You pick up a book of Minor Magic and begin reading...
  2906 | D:4      | You add the spells Magic Dart, Call Imp and Mephitic Cloud
                  | to your library.
  3048 | D:4      | Reached skill level 4 in Unarmed Combat
  3460 | D:5      | Entered Level 5 of the Dungeon
  3496 | D:5      | Reached skill level 4 in Spellcasting
  3722 | D:5      | Identified the amulet "Goatitu" {Reflect rElec rF- rN+++
                  | Will+ SH+5}
  3769 | D:5      | Noticed Grinder
  3798 | D:5      | Reached skill level 5 in Transmutations
  3948 | D:5      | Reached skill level 3 in Ice Magic
  4046 | D:5      | You pick up a book of Vapours and begin reading...
  4046 | D:5      | You add the spells Poisonous Vapours and Cigotuvi's
                  | Dreadful Rot to your library.
  4609 | D:6      | Reached XP level 8. HP: 34/54 MP: 9/14
  5013 | D:6      | Reached skill level 4 in Ice Magic
  5029 | D:6      | Reached skill level 6 in Transmutations
  5033 | D:6      | Found a staircase to the Ecumenical Temple.
  5081 | D:6      | You pick up a book of Geomancy and begin reading...
  5081 | D:6      | You add the spells Sandblast, Passwall and Stone Arrow to
                  | your library.
  5084 | Temple   | Entered the Ecumenical Temple
  5242 | Temple   | Became a worshipper of Ru the Awakened
  5321 | D:6      | Found Iwkaesi's Elemental Accessories.
  5691 | D:7      | Noticed Maggie
  5706 | D:7      | Killed Maggie
  5707 | D:7      | Reached skill level 5 in Unarmed Combat
  5707 | D:7      | Reached skill level 5 in Ice Magic
  5708 | D:7      | HP: 7/64 [orc warrior/bolt (15)]
  5978 | D:7      | Found an ornate altar of the Wu Jian Council.
  6012 | D:7      | Noticed Duvessa
  6014 | D:7      | Gained mutation: A weak demonic guardian rushes to your
                  | aid. [demonic ancestry]
  6014 | D:7      | Reached XP level 9. HP: 59/59 MP: 12/15
  6020 | D:7      | Noticed Dowan
  6020 | D:7      | Killed Duvessa
  6024 | D:7      | Reached skill level 7 in Transmutations
  6027 | D:7      | Killed Dowan
  6093 | D:7      | Reached skill level 6 in Ice Magic
  6104 | D:7      | Found an ancient bone altar of Kikubaaqudgha.
  6143 | D:7      | Noticed Joseph
  6244 | D:7      | Gained mutation: You are hated by all. [Ru sacrifice]
  6244 | D:7      | Reached * piety under Ru
  6244 | D:7      | Reached ** piety under Ru
  6264 | D:7      | Found a flagged portal.
  6289 | D:7      | Killed Joseph
  6295 | Bailey   | Entered a bailey
  6419 | Bailey   | Reached skill level 6 in Unarmed Combat
  6435 | Bailey   | Reached skill level 8 in Transmutations
  6628 | Bailey   | HP: 17/70 [orc warrior/+0 war axe (8)]
  6803 | Bailey   | Identified the +8 halberd of the Salmon {drain, *Noise
                  | rCorr Str+4}
  7235 | D:8      | Reached skill level 9 in Transmutations
  7262 | D:8      | Found a sparkling altar of Nemelex Xobeh.
  7572 | D:8      | Reached skill level 7 in Unarmed Combat
  7840 | D:8      | Gained mutation: You have hooves in place of feet. [demonic
                  | ancestry]
  7840 | D:8      | Reached XP level 10. HP: 65/65 MP: 11/16
  7996 | D:8      | Noticed Pikel
  8008 | D:8      | Killed Pikel
  8009 | D:8      | Reached skill level 8 in Unarmed Combat
  8286 | D:8      | Found the +11 Singing Sword {sonic wave}
  8737 | D:9      | Noticed Maurice
  8765 | D:9      | Killed Maurice
  8884 | D:9      | Reached skill level 9 in Unarmed Combat
  8933 | D:9      | Gained mutation: You cannot train Armour skill. [Ru
                  | sacrifice]
  8933 | D:9      | Reached *** piety under Ru
  9204 | D:9      | Reached skill level 10 in Unarmed Combat
  9482 | D:10     | Entered Level 10 of the Dungeon
  9608 | D:10     | Found Vugooh's Assorted Antiques.
  9623 | D:10     | Reached skill level 2 in Fighting
  9631 | D:10     | Reached skill level 3 in Fighting
  9695 | D:10     | Bought a scroll of identify for 42 gold pieces
  9979 | D:10     | Noticed a centaur warrior
 10035 | D:10     | Reached skill level 4 in Fighting
 10392 | D:10     | Found Kerutoj's Book Shop.
 10399 | D:10     | Noticed a boulder beetle
 10429 | D:10     | Killed a boulder beetle
 10430 | D:10     | Reached skill level 5 in Fighting
 10430 | D:10     | Reached XP level 11. HP: 78/80 MP: 17/17
 10543 | D:10     | Reached skill level 6 in Fighting
 10586 | D:10     | Killed a centaur warrior
 10587 | D:10     | Reached skill level 7 in Fighting
 11505 | D:10     | Reached skill level 8 in Fighting
 11680 | D:11     | You pick up a book of Air and begin reading...
 11680 | D:11     | You add the spells Shock, Swiftness and Airstrike to your
                  | library.
 11689 | D:11     | Noticed a tengu warrior
 11703 | D:11     | Killed a tengu warrior
 11711 | D:11     | Noticed a two-headed ogre
 11720 | D:11     | Killed a two-headed ogre
 11721 | D:11     | Reached skill level 9 in Fighting
 11832 | D:11     | Noticed a two-headed ogre
 11855 | D:11     | Killed a two-headed ogre
 11856 | D:11     | Reached skill level 10 in Fighting
 11944 | D:11     | Noticed a two-headed ogre
 11951 | D:11     | Killed a two-headed ogre
 12178 | D:11     | Reached skill level 11 in Fighting
 12347 | D:11     | Found a staircase to the Lair.
 12589 | Lair:1   | Entered Level 1 of the Lair of Beasts
 12819 | Lair:1   | Noticed Erica
 12827 | Lair:1   | Killed Erica
 12906 | Lair:1   | Gained mutation: Your demonic aura often causes spilled
                  | blood to erupt in flames. [demonic ancestry]
 12906 | Lair:1   | Reached XP level 12. HP: 100/100 MP: 14/18
 13014 | Lair:1   | Noticed a death yak
 13014 | Lair:1   | Noticed a death yak
 13043 | Lair:1   | Killed a death yak
 13058 | Lair:1   | Noticed a death yak
 13072 | Lair:1   | Noticed a death yak
 13075 | Lair:1   | Killed a death yak
 13082 | Lair:1   | Killed a death yak
 13083 | Lair:1   | Reached skill level 12 in Fighting
 13088 | Lair:1   | Killed a death yak
 13513 | Lair:1   | Reached skill level 2 in Dodging
 13841 | Lair:2   | Reached skill level 3 in Dodging
 13989 | Lair:2   | Reached skill level 4 in Dodging
 14263 | Lair:2   | Reached skill level 5 in Dodging
 14271 | Lair:2   | You pick up a book of Changes and begin reading...
 14284 | Lair:2   | You pick up a book of Dreams and begin reading...
 14284 | Lair:2   | You add the spells Ensorcelled Hibernation and Anguish to
                  | your library.
 14357 | Lair:2   | Reached skill level 6 in Dodging
 14359 | Lair:2   | HP: 29/123 [elephant (3)]
 14875 | Lair:2   | Noticed Gastronok
 14896 | Lair:2   | Killed Gastronok
 15378 | Lair:2   | Identified a scroll of acquirement
 15378 | Lair:2   | Acquired the Treatise on Changes
 15379 | Lair:2   | You add the spells Yara's Violent Unravelling, Blade Hands,
                  | Eringya's Noxious Bog and Storm Form to your library.
 15386 | Lair:2   | Learned a level 5 spell: Blade Hands
 15432 | Lair:3   | Found a staircase to the Snake Pit.
 15784 | Lair:3   | Found a staircase to the Shoals.
 15800 | Lair:3   | Reached skill level 7 in Dodging
 15840 | Lair:3   | Reached skill level 11 in Unarmed Combat
 15840 | Lair:3   | Gained mutation: You are completely covered in razor-sharp
                  | scales. (AC +3, Slay +3) [demonic ancestry]
 15840 | Lair:3   | Reached XP level 13. HP: 109/109 MP: 13/19
 15859 | Lair:3   | Identified the +0 ring mail "Lanu" {rN+ Str-2 Int+6}
 16999 | Lair:4   | Reached skill level 8 in Dodging
 16999 | Lair:4   | Found a staircase to the Slime Pits.
 17001 | Lair:4   | Reached skill level 5 in Spellcasting
 17016 | Lair:4   | Identified the +4 mace "Niroint" {protect, Str-4 Int+6}
 17226 | Lair:4   | HP: 31/130 [polar bear (10)]
 18230 | Lair:4   | Learned a level 7 spell: Storm Form
 18232 | Lair:5   | Entered Level 5 of the Lair of Beasts
 18304 | Lair:5   | Reached skill level 9 in Dodging
 18362 | Lair:5   | Found a frozen archway.
 18387 | IceCv    | Entered an ice cave
 18801 | IceCv    | Gained mutation: You cannot study or use magical devices.
                  | [Ru sacrifice]
 18801 | IceCv    | Reached **** piety under Ru
 18801 | IceCv    | Reached ***** piety under Ru
 18828 | IceCv    | Reached skill level 10 in Dodging
 18828 | IceCv    | Reached skill level 12 in Unarmed Combat
 18941 | IceCv    | Identified the +11 rapier of Zaics {flame, +Blink Dex+4
                  | Stlth-}
 19039 | Lair:5   | Reached skill level 1 in Air Magic
 19102 | Lair:5   | Reached skill level 2 in Air Magic
 19107 | Lair:5   | Reached skill level 3 in Air Magic
 19209 | Lair:5   | Reached skill level 4 in Air Magic
 19216 | Lair:5   | Reached XP level 14. HP: 78/116 MP: 17/21
 19232 | Lair:5   | Reached skill level 5 in Air Magic
 19708 | Lair:5   | Reached skill level 6 in Air Magic
 20009 | Lair:5   | Reached skill level 7 in Air Magic
 20180 | Lair:5   | Reached skill level 8 in Air Magic
 20570 | Lair:5   | You pick up a book of Air and begin reading...
 20575 | Lair:5   | You pick up a book of Annihilations and begin reading...
 20575 | Lair:5   | You add the spells Chain Lightning, Fire Storm and Shatter
                  | to your library.
 20849 | D:12     | You pick up a book of Unlife and begin reading...
 20919 | D:12     | Reached skill level 9 in Air Magic
 21123 | D:12     | Found Cailaf's Neck Hole.
 21503 | D:12     | Found a staircase to the Orcish Mines.
 21738 | D:13     | Found Plog's Antique Weapon Shop.
 22445 | Orc:1    | Entered Level 1 of the Orcish Mines
 22533 | Orc:1    | Reached skill level 10 in Air Magic
 22534 | Orc:1    | Found a bloodstained altar of Trog.
 22905 | Orc:1    | Found Nur Hagg's Antique Weapon Emporium.
 23122 | Orc:2    | Entered Level 2 of the Orcish Mines
 23122 | Orc:2    | Found Koffib Pivvu's General Store.
 23241 | Orc:1    | HP: 3/116 [two-headed ogre/+0 giant spiked club (28)]
 23241 | Orc:1    | Slain by a two-headed ogre

Vanquished Creatures
  Gastronok (Lair:2)
  An entropy weaver (shapeshifter) (D:12)
  3 hydras
  Erica (Lair:1)
  2 centaur warriors
  A catoblepas (Lair:5)
  2 boulder beetles
  5 two-headed ogres
  12 death yaks
  A tengu warrior (D:11)
  2 skysharks (Lair:5)
  Pikel (D:8)
  A cyclops (D:11)
  A salamander (Lair:3)
  2 orc sorcerers (Orc:1)
  An ugly thing (IceCv)
  2 manticores
  20 elephants
  A guardian serpent (shapeshifter) (D:13)
  Maurice (D:9)
  2 black mambas
  A torpor snail (Lair:2)
  Joseph (D:7)
  3 ice statues (IceCv)
  11 cane toads
  A gargoyle (D:12)
  3 unseen horrors
  3 rime drakes
  9 komodo dragons
  2 ice devils (Lair:5)
  An anaconda simulacrum (IceCv)
  A freezing wraith (IceCv)
  Maggie (D:7)
  9 trolls
  5 polar bears
  6 hornets
  13 blink frogs
  2 dream sheep (Lair:5)
  A vampire (D:13)
  Sigmund (D:3)
  A shadow (D:11)
  5 slime creatures (D:10)
  5 wyverns
  13 spriggans
  3 wraiths
  28 yaks
  4 basilisks
  2 wargs (Orc:1)
  A death yak simulacrum (IceCv)
  A harpy simulacrum (IceCv)
  8 water moccasins
  An acid dragon (D:10)
  Duvessa (D:7)
  An ice beast (D:5)
  18 orc warriors
  6 black bears
  A sky beast (D:7)
  3 ogres
  23 wolves
  3 boggarts (Lair:5)
  5 centaurs
  A phantom (D:4)
  2 kobold brigands
  9 bullfrogs
  2 cane toad simulacra (IceCv)
  A gnoll sergeant (D:9)
  9 scorpions
  7 wights (D:9)
  Dowan (D:7)
  5 killer bees (D:8)
  2 howler monkeys (D:7)
  An electric eel (Lair:1)
  3 lava snakes (Lair:3)
  3 hounds
  8 orc priests
  4 iguanas
  3 sleepcaps
  18 orc wizards
  2 polar bear simulacra (IceCv)
  Terence (D:3)
  A wolf simulacrum (IceCv)
  9 gnolls
  5 adders
  2 shadow imps
  2 white imps
  3 ufetubi
  2 dart slugs
  55 orcs
  4 ball pythons
  16 bats
  7 endoplasms
  2 giant cockroaches
  4 hobgoblins
  9 jackals
  20 kobolds
  5 quokkas
  3 frilled lizards
  11 goblins
  9 rats
521 creatures vanquished.

Vanquished Creatures (others)
  A death yak (Lair:1)
  A cyclops (D:12)
  A yak (Lair:3)
  An ogre (Orc:2)
  A white imp (D:8)
  22 fungi
  39 plants
66 creatures vanquished.

Grand Total: 587 creatures vanquished

Table legend:
 A = Non-vault XP
 B = Vault XP
 C = Vault XP percentage of total XP
 D = Non-vault monster count
 E = Vault monster count
 F = Vault count percentage of total count
                 A         B        C        D         E       F
            +---------+---------+-------+---------+---------+-------
      Total |   63845 |   30224 |  32.1 |     373 |     151 |  28.8
            +---------+---------+-------+---------+---------+-------
        D:1 |      25 |       0 |   0.0 |      15 |       0 |   0.0
        D:2 |      37 |       0 |   0.0 |      16 |       0 |   0.0
        D:3 |      70 |     263 |  79.0 |      14 |       2 |  12.5
        D:4 |     395 |     144 |  26.7 |      28 |       4 |  12.5
        D:5 |     374 |       0 |   0.0 |      15 |       0 |   0.0
        D:6 |     624 |       0 |   0.0 |      16 |       0 |   0.0
        D:7 |     966 |     979 |  50.3 |      29 |       8 |  21.6
        D:8 |     873 |    1180 |  57.5 |      22 |      21 |  48.8
        D:9 |    1670 |     469 |  21.9 |      23 |       1 |   4.2
       D:10 |    4187 |    1749 |  29.5 |      24 |       6 |  20.0
       D:11 |    5681 |       0 |   0.0 |      16 |       0 |   0.0
       D:12 |    4231 |       0 |   0.0 |      12 |       0 |   0.0
       D:13 |    2520 |       0 |   0.0 |       8 |       0 |   0.0
     Lair:1 |    6445 |     847 |  11.6 |      20 |       1 |   4.8
     Lair:2 |    7201 |    1585 |  18.0 |      22 |       1 |   4.3
     Lair:3 |    4100 |    2613 |  38.9 |      16 |       7 |  30.4
     Lair:4 |    6583 |     775 |  10.5 |      22 |       2 |   8.3
     Lair:5 |   15847 |   12645 |  44.4 |      32 |      52 |  61.9
      Orc:1 |    2016 |    2379 |  54.1 |      23 |       5 |  17.9
      Orc:2 |       0 |     625 | 100.0 |       0 |       3 | 100.0
     Bailey |       0 |     980 | 100.0 |       0 |      25 | 100.0
      IceCv |       0 |    2991 | 100.0 |       0 |      13 | 100.0
            +---------+---------+-------+---------+---------+-------

Illustrated notes

Table legend:
 A = Kills in this place as a percentage of kills in the entire game.
 B = Kills by you in this place as a percentage of kills by you in the entire game.
 C = Kills by friends in this place as a percentage of kills by friends in the entire game.
 D = Other kills in this place as a percentage of other kills in the entire game.
 E = Experience gained in this place as a percentage of experience gained in the entire game.
 F = Experience gained in this place divided by the number of levels of this place that you have seen.
                   A       B       C       D       E      F
               +-------+-------+-------+-------+-------+----------------------
         Total | 100.0 | 100.0 |   N/A | 100.0 | 100.0 | 4090.0
       Dungeon |  53.4 |  53.6 |   N/A |  33.3 |  28.1 | 2033.6
          Lair |  33.4 |  33.2 |   N/A |  66.7 |  62.3 | 11728.2
  Orcish Mines |   5.9 |   6.0 |   N/A |   0.0 |   5.3 | 2510.0
        Bailey |   4.8 |   4.8 |   N/A |   0.0 |   1.0 | 980.0
      Ice Cave |   2.5 |   2.5 |   N/A |   0.0 |   3.2 | 2991.0
               +-------+-------+-------+-------+-------+----------------------

Table legend: (Time is in decaauts)
 A = Elapsed time spent in this place.
 B = Non-inter-level travel time spent in this place.
 C = Inter-level travel time spent in this place.
 D = Time resting spent in this place.
 E = Time spent auto-exploring this place.
 F = Levels seen in this place.
 G = Mean time per level.
                   A        B        C        D        E       F      G
               +--------+--------+--------+--------+--------+-----+--------+
         Total |  23082 |  22376 |    706 |    983 |  17728 |  23 | 1003.6 |
       Dungeon |  13464 |  13123 |    341 |    352 |  10643 |  13 | 1035.7 |
        Temple |    166 |    144 |     22 |      0 |    135 |   1 |  166.0 |
          Lair |   7514 |   7264 |    250 |    445 |   5809 |   5 | 1502.8 |
  Orcish Mines |    788 |    698 |     90 |     48 |    536 |   2 |  394.0 |
        Bailey |    561 |    561 |      0 |      0 |    352 |   1 |  561.0 |
      Ice Cave |    586 |    586 |      0 |    137 |    253 |   1 |  586.0 |
               +--------+--------+--------+--------+--------+-----+--------+

Top non-repeatable levels by time:
    D:10: 2173 daAuts
  Lair:5: 1778 daAuts
  Lair:3: 1533 daAuts
  Lair:2: 1489 daAuts
     D:8: 1415 daAuts
  Lair:1: 1380 daAuts
  Lair:4: 1332 daAuts
     D:5: 1099 daAuts
     D:6: 1091 daAuts
     D:3: 1052 daAuts
     D:9: 996 daAuts
     D:2: 995 daAuts
    D:12: 991 daAuts
     D:4: 945 daAuts
    D:11: 937 daAuts
